 Dungeon Crawl Stone Soup version 0.29-a0-304-gb34f9e133a (webtiles) character file.

Game seed: 5398112633687407512

119 Aksej the Cudgeller (level 4, -6/34 HPs)
             Began as a Demonspawn Gladiator on Mar 26, 2022.
             Was an Initiate of Hepliaklqana.
             Killed by divine providence
             ... invoked by an orc priest
              (14 damage)
             ... on level 4 of the Dungeon.
             The game lasted 00:09:51 (1924 turns).

Aksej the Cudgeller (Demonspawn Gladiator)          Turns: 1924, Time: 00:09:51

Health: -6/34      AC:  3    Str: 14    XL:     4   Next: 73%
Magic:  4/4        EV:  8    Int: 10    God:    Hepliaklqana [......]
Gold:   167        SH: 11    Dex: 16    Spells: 3/3 levels left

rFire   . . .      SeeInvis .   a - +0 flail
rCold   . . .      Faith    .   n - +0 tower shield
rNeg    . . .      Spirit   .   b - +0 leather armour
rPois   .          Reflect  .   (helmet restricted)
rElec   .          Harm     .   (no cloak)
rCorr   .          Rampage  .   (no gloves)
Will    .....                   (no boots)
Stlth   +.........              (no amulet)
HPRegen 0.11/turn               (no ring)
MPRegen 0.09/turn               (no ring)

@: no status effects
A: horns 1, foul stench 1
a: Renounce Religion


You were on level 4 of the Dungeon.
You worshipped Hepliaklqana.
Hepliaklqana was noncommittal.
You visited 1 branch of the dungeon, and saw 4 of its levels.

You collected 167 gold pieces.

Inventory:

Hand Weapons
 a - a +0 flail (weapon)
Missiles
 d - 3 throwing nets (quivered)
 e - a javelin
Armour
 b - a +0 leather armour (worn)
 n - a +0 tower shield (worn)
Wands
 l - a wand of mindburst (18)
Scrolls
 g - a scroll of blinking {unknown}
 h - a scroll of vulnerability {unknown}
 i - 2 scrolls of teleportation
 k - a scroll of fear {unknown}
Potions
 c - a potion of cancellation
 f - a potion of flight
 j - a potion of haste
 m - a potion of heal wounds
 o - a potion of ambrosia {unknown}
 p - 2 potions of curing {unknown}
 q - a potion of magic {unknown}
 r - a potion of might {unknown}


   Skills:
 * Level 2.8 Fighting
 + Level 3.8 Maces & Flails
 + Level 2.0 Throwing
 + Level 1.3 Armour
 + Level 3.1 Dodging
 + Level 0.5 Shields


You had 3 spell levels left.
You didn't know any spells.
Your spell library contained the following spells:

 Spells                   Type           Power      Damage    Failure   Level
 Magic Dart               Conj           0%         1d3       100%        1
 Call Imp                 Summ           0%         N/A       100%        2
 Mephitic Cloud           Conj/Pois/Air  0%         N/A       100%        3


Dungeon Overview and Level Annotations

Branches:
Dungeon (4/15)
 Temple: D:4-7

Altars:
Hepliaklqana

Shops:
D:3 [


Innate Abilities, Weirdness & Mutations

You have a pair of small horns on your head.
You may rarely emit foul miasma when damaged in melee.


Message History

You block the worm's attack.
You barely miss the worm.
The worm is lightly wounded.
You block the worm's attack.
You sock the worm!
The worm is severely wounded.
You block the worm's attack.
You hit the worm.
The worm is severely wounded.
The worm bites you.
You hit the worm but do no damage. You headbutt the worm.
The worm is severely wounded.
The worm closely misses you.
You barely miss the worm.
The worm is heavily wounded.
The worm bites you!
You sock the worm! You headbutt the worm.
You kill the worm!
Found 18 gold pieces and 22 stones.
You now have 149 gold pieces (gained 6).
Found 2 gold pieces.
You now have 158 gold pieces (gained 9).
Found a stone staircase leading down and a stone staircase leading up.
You now have 167 gold pieces (gained 9).
A hobgoblin comes into view.
An orc priest comes into view. It is wielding a +0 club.
The orc priest shouts!
The hobgoblin shouts!
You hear a shout! x2
You see here 2 gold pieces.
The orc priest calls down the wrath of Beogh upon you.
Beogh smites you!
* * * LOW HITPOINT WARNING * * *
You hear a shout!
You block the hobgoblin's attack.
You thump the hobgoblin!
You kill the hobgoblin!
You completely miss the orc priest. You headbutt the orc priest.
The orc priest is moderately wounded.
The orc priest mumbles some strange prayers to Beogh against you.
Beogh smites you!
You die...

......# ......# .....##
.....####
........###############
###[..#...........#....
#.................#
###...............#
............$.@...#
###.....(......o..#
#............>..#
#...............#
###..........<....
#...........#####
...........##
##.######..#


You could see an orc priest.

Vanquished Creatures
  A hound (D:3)
  2 adders
  A worm (D:4)
  4 dart slugs
  4 bats
  6 endoplasms
  A giant cockroach (D:2)
  8 goblins
  8 hobgoblins
  6 kobolds
  2 quokkas
  6 ball pythons
  8 rats
57 creatures vanquished.

Notes
Turn   | Place    | Note
-------+----------+-------------------------------------------
     0 | D:1      | Aksej the Demonspawn Gladiator began the quest for the Orb.
     0 | D:1      | Reached XP level 1. HP: 16/16 MP: 1/1
   116 | D:1      | Discovered your monstrous ancestry.
   116 | D:1      | Gained mutation: You have a pair of small horns on your
                  | head. [demonic ancestry]
   116 | D:1      | Reached XP level 2. HP: 12/22 MP: 2/2
   132 | D:1      | You fall into a shaft and drop 1 floor!
   347 | D:1      | Found a faded altar of an unknown god.
   799 | D:2      | Gained mutation: You may rarely emit foul miasma when
                  | damaged in melee. [demonic ancestry]
   799 | D:2      | Reached XP level 3. HP: 17/27 MP: 3/3
  1158 | D:3      | Reached skill level 1 in Armour
  1158 | D:3      | Reached XP level 4. HP: 8/34 MP: 4/4
  1592 | D:3      | Found Usoj's Armour Emporium.
  1739 | D:3      | Found a hazy altar of Hepliaklqana.
  1752 | D:3      | Became a worshipper of Hepliaklqana the Forgotten
  1924 | D:4      | Killed from afar by an orc priest

Illustrated notes

Levels and vault maps discovered:
D:1:      ncdulo_lavacross, layout_loops_ring, basic_ecumenical_altar
D:2:      layout_loops_ring
D:3:      layout_rooms, mainiacjoe_overflow_surrounded_room, serial_shops,
          nicolae_square_shop
D:4:      layout_rooms

Skill      XL: |  1  2  3 |
---------------+----------+-----
Maces & Flails | 3 |  3.8
Throwing       | 2 |  2.0
Dodging        | 3 |  3.1
Armour         | 1 |  1.3
Fighting       | |  2.8
Shields        | |  0.5

Action                   |  1- 3 |  4- 6 || total
-------------------------+-------+-------++-------
Melee: Flail             |    93 |    52 ||   145
       Headbutt          |    12 |    13 ||    25
       Punch             |     1 |       ||     1
  Use: Scroll            |     3 |     1 ||     4
       Potion            |     1 |       ||     1
Armor: Leather armour    |    20 |    15 ||    35
Dodge: Dodged            |    60 |    18 ||    78
Block: Tower shield      |    15 |    35 ||    50

Table legend: (Time is in decaauts)
 A = Elapsed time spent in this place.
 B = Non-inter-level travel time spent in this place.
 C = Inter-level travel time spent in this place.
 D = Time resting spent in this place.
 E = Time spent auto-exploring this place.
 F = Levels seen in this place.
 G = Mean time per level.
                   A        B        C        D        E       F      G
               +--------+--------+--------+--------+--------+-----+--------+
         Total |   1991 |   1937 |     54 |      0 |    282 |   4 |  497.8 |
       Dungeon |   1991 |   1937 |     54 |      0 |    282 |   4 |  497.8 |
               +--------+--------+--------+--------+--------+-----+--------+

Top non-repeatable levels by time:
     D:3: 787 daAuts
     D:1: 601 daAuts
     D:2: 566 daAuts
     D:4: 36 daAuts
